 Dungeon Crawl Stone Soup version 0.30-a0-4-ga7cffc901d (webtiles) character file.

Game seed: 4905059890823559019

3609 Pooter the Cleaver (level 9, 0/82 HPs)
             Began as a Minotaur Berserker on Aug 21, 2022.
             Was a Priest of Trog.
             Slain by an ice beast (9 damage)
             ... on level 7 of the Dungeon on Aug 22, 2022.
             The game lasted 00:37:44 (8263 turns).

Pooter the Cleaver (Minotaur Berserker)             Turns: 8263, Time: 00:37:45

Health: 0/82       AC: 11    Str: 24    XL:     9   Next: 86%
Magic:  8/8        EV:  7    Int:  6    God:    Trog [***...]
Gold:   200        SH:  0    Dex: 16    Spells: 8/8 levels left

rFire   . . .      SeeInvis .    a - +0 battleaxe
rCold   . . .      Faith    .    (shield currently unavailable)
rNeg    . . .      Spirit   .    P - +0 plate armour
rPois   .          Reflect  .    (helmet restricted)
rElec   .          Harm     .    (no cloak)
rCorr   .          Rampage  .    (no gloves)
Will    .....                    (no boots)
Stlth   ..........               (no amulet)
HPRegen 0.23/turn                d - +6 ring of dexterity
MPRegen 0.11/turn                (no ring)

@: on berserk cooldown, slowed, studying Throwing, very slow
A: horns 2, retaliatory headbutt
a: Renounce Religion, Berserk, Trog's Hand


You were on level 7 of the Dungeon.
You worshipped Trog.
Trog was most pleased with you.
You visited 1 branch of the dungeon, and saw 7 of its levels.
You also visited: Sewer.

You collected 323 gold pieces.
You spent 123 gold pieces at shops.

Inventory:

Hand Weapons
 a - a +0 battleaxe (weapon)
   (You took it off an orc warrior on level 7 of the Dungeon)
 b - a +0 shortbow
   (You took it off a centaur on level 4 of the Dungeon)
 e - a +0 flail
   (You took it off a gnoll on level 1 of the Dungeon)
 n - a +0 hand axe
 M - the +1 whip of Honiyq Qeus {drain, rCorr Str+8 Int-2 Stlth-}
   (You found it on level 2 of the Dungeon)

   A truly terrible weapon, it drains the life of any living foe it strikes.
   Str:       It affects your strength (+8).
   Int:       It affects your intelligence (-2).
   rCorr:     It protects you from acid and corrosion.
   Stlth:     It makes you less stealthy.
 R - a +5 halberd
   (You took it off a wight on level 6 of the Dungeon)
Missiles
 f - 3 boomerangs of dispersal {!f}
 r - 4 throwing nets {!f}
 s - 8 poisoned darts
 y - a silver javelin
 B - 6 curare-tipped darts
 K - 6 javelins
 Q - 69 stones (quivered)
Armour
 m - a +1 ring mail of fire resistance
   (You found it on level 1 of the Dungeon)
 D - a scarf of shadows
   (You found it on level 4 of the Dungeon)
 I - a +0 chain mail
   (You found it on level 5 of the Dungeon)
 P - a +0 plate armour (worn)
   (You took it off an orc warrior on level 7 of the Dungeon)
Jewellery
 d - a +6 ring of dexterity (left hand)
   (You found it on level 1 of the Dungeon)
Wands
 v - a wand of charming (2)
   (You took it off an orc on level 3 of the Dungeon)
Scrolls
 c - a scroll of poison {!r}
 g - 2 scrolls of silence
 j - a scroll of immolation {!r}
 p - a scroll of summoning {unknown}
 q - 2 scrolls of noise {!r}
 t - 8 scrolls of teleportation {@r4}
 u - a scroll of vulnerability {unknown}
 w - a scroll of torment {unknown}
 x - 2 scrolls of blinking {unknown}
 F - 2 scrolls of magic mapping
 G - a scroll of amnesia {unknown}
 H - a scroll of enchant weapon {unknown}
 L - 2 scrolls of butterflies {unknown}
 O - a scroll of fear {unknown}
 T - a scroll of enchant armour {unknown}
Potions
 h - a potion of degeneration {unknown}
 i - 3 potions of mutation {unknown}
 k - 3 potions of curing {unknown}
 l - 2 potions of ambrosia {unknown}
 o - 2 potions of brilliance {unknown}
 z - a potion of magic {unknown}
 A - 4 potions of might {unknown}
 C - 2 potions of heal wounds {unknown}
 E - a potion of resistance {unknown}
 J - a potion of flight {unknown}
 N - a potion of lignification {unknown}
 S - a potion of attraction {unknown}


   Skills:
 + Level 8.4 Fighting
 * Level 11.3 Axes
 * Level 7.6 Ranged Weapons
 - Level 2.4 Armour
 - Level 2.1 Dodging
 + Level 4.8 Evocations


You had 8 spell levels left.
You didn't know any spells.
Your spell library was empty.

Dungeon Overview and Level Annotations

Branches:
Dungeon (7/15)             Temple (0/1) D:5           Sewer (visited)

Altars:
Ashenzari
Fedhas
Ru
Uskayaw
Vehumet
Wu Jian
Xom
Zin

Shops:
D:2 *   D:7 (

Annotations:
D:5 2 transporters


Innate Abilities, Weirdness & Mutations

You have a pair of horns on your head.
You reflexively headbutt those who attack you in melee.


Message History

You kill the orc warrior!
Trog accepts your kill.
You slash the gnoll bouda!
The gnoll bouda hits you with a +0 club.
* * * LOW HITPOINT WARNING * * *
You hit the gnoll bouda but do no damage.
The gnoll bouda prays to its god.
The gnoll bouda is healed somewhat.
You barely miss the gnoll bouda.
An ice beast comes into view.
The gnoll bouda hits you but does no damage.
You slice the gnoll bouda!!
You kill the gnoll bouda!
Trog accepts your kill. The bullfrog closely misses you.
You slice the bullfrog!!
You feel yourself speed up.
The bullfrog hits you but does no damage.
The bullfrog closely misses you. You furiously retaliate!
You headbutt the bullfrog!
You kill the bullfrog!
Trog accepts your kill.
Unknown command.
You are no longer berserk.
You are exhausted.
You feel yourself slow down. The ice beast hits you.
* * * LOW HITPOINT WARNING * * *
The ice beast freezes you!
* * * LOW HITPOINT WARNING * * *
Items here: )) ? [[ †.
You closely miss the ice beast.
The ice beast hits you but does no damage. x2
You barely miss the ice beast. Your headbutt misses the ice beast.
The ice beast hits you but does no damage.
The ice beast barely misses you.
You closely miss the ice beast.
The ice beast hits you but does no damage.
You hit the ice beast. You headbutt the ice beast! The ice beast hits you.
* * * LOW HITPOINT WARNING * * *
The ice beast freezes you!
* * * LOW HITPOINT WARNING * * *
The ice beast hits you but does no damage.
Okay, then.
Okay, then.
You closely miss the ice beast. The ice beast closely misses you.
The ice beast hits you.
* * * LOW HITPOINT WARNING * * *
The ice beast freezes you!
You die...

##.## ##..#
##.###.#.....# #..#
##.# ##.).)##...##
###.## #.# ###########
....# ##.# #####
###..## ## ###.....##
.# ##...###..##
.#####...#####..######
.........##.....@†...#
..#...#..##.###Y####.#
..##........ .... #
..##.#...#...#...#
.##...###.....###.
......# .###.# ..
......# .. ..+ ...
.....#. #### .. ..


You could see an ice beast.

Vanquished Creatures
  Pikel (D:6)
  A hornet (D:7)
  A vampire mosquito (D:5)
  2 water moccasins
  Duvessa (D:6)
  2 orc warriors (D:7)
  An ice beast (D:6)
  5 ogres
  A centaur (D:4)
  2 kobold brigands (Sewer)
  3 bullfrogs
  4 scorpions
  A necrophage (D:6)
  4 wights (D:6)
  Dowan (D:6)
  A killer bee (D:5)
  3 gnoll boudas
  A hound (D:7)
  An orc priest (D:3)
  2 jellies
  Natasha (twice) (D:2)
  4 iguanas
  2 orc wizards (D:7)
  18 gnolls
  11 adders
  4 river rats (Sewer)
  A shadow imp (D:7)
  4 white imps
  An ufetubus (D:6)
  A worm (D:2)
  6 dart slugs
  10 orcs
  9 ball pythons
  3 bats
  8 endoplasms
  3 giant cockroaches
  3 hobgoblins
  7 jackals
  4 frilled lizards
  4 goblins (D:1)
  5 kobolds
  6 rats
154 creatures vanquished.

Vanquished Creatures (collateral kills)
  A kobold (Sewer)
1 creature vanquished.

Vanquished Creatures (others)
  2 gnolls (D:5)
  An orc (D:7)
  A fungus (D:5)
  12 plants
16 creatures vanquished.

Grand Total: 171 creatures vanquished

Notes
Turn   | Place    | Note
-------+----------+-------------------------------------------
     0 | D:1      | Pooter the Minotaur Berserker began the quest for the Orb.
     0 | D:1      | Reached XP level 1. HP: 19/19 MP: 0/0
   129 | D:1      | Reached skill level 4 in Axes
   129 | D:1      | Reached XP level 2. HP: 11/27 MP: 1/1
   796 | D:1      | Reached XP level 3. HP: 33/33 MP: 2/2
   912 | D:2      | Found Pobimp's General Store.
  1323 | D:2      | Identified the +1 whip of Honiyq Qeus {drain, rCorr Str+8
                  | Int-2 Stlth-}
  1460 | D:2      | Bought 2 scrolls of identify for 56 gold pieces
  1505 | D:2      | Reached skill level 5 in Axes
  1529 | D:2      | Noticed Natasha
  1537 | D:2      | Killed Natasha
  1537 | D:2      | Reached ** piety under Trog
  1538 | D:2      | Reached XP level 4. HP: 22/41 MP: 3/3
  1791 | D:2      | Noticed Natasha
  1796 | D:2      | Killed Natasha
  2226 | D:3      | Reached skill level 6 in Axes
  2295 | D:3      | Reached XP level 5. HP: 47/47 MP: 4/4
  2302 | D:3      | Reached skill level 5 in Fighting
  2347 | D:3      | Found an ornate altar of the Wu Jian Council.
  2369 | D:3      | Found a faded altar of an unknown god.
  2505 | D:2      | Bought 2 silver javelins for 67 gold pieces
  2874 | D:4      | Found a radiant altar of Vehumet.
  2907 | D:4      | Found a glowing drain.
  2912 | Sewer    | Entered a sewer
  3357 | Sewer    | Reached skill level 7 in Axes
  3357 | Sewer    | Reached skill level 1 in Evocations
  3357 | Sewer    | Reached XP level 6. HP: 56/56 MP: 5/5
  3779 | D:4      | Found a hide-covered altar of Uskayaw.
  4411 | D:5      | Entered Level 5 of the Dungeon
  4430 | D:4      | Reached XP level 7. HP: 43/62 MP: 6/6
  4738 | D:5      | Reached skill level 1 in Ranged Weapons
  4759 | D:5      | Reached skill level 8 in Axes
  4771 | D:5      | Noticed a vampire mosquito
  4773 | D:5      | Killed a vampire mosquito
  4901 | D:5      | Reached XP level 8. HP: 15/71 MP: 7/7
  5404 | D:5      | Found a transporter.
  5415 | D:5      | Noticed a troll
  5426 | D:5      | Found a staircase to the Ecumenical Temple.
  5448 | D:5      | Reached skill level 9 in Axes
  5453 | D:5      | Found a glowing silver altar of Zin.
  5454 | D:5      | Found a broken altar of Ashenzari.
  5455 | D:5      | Found a shimmering altar of Xom.
  5459 | D:5      | Found a transporter.
  5806 | D:5      | Found a sacrificial altar of Ru.
  6164 | D:6      | Reached skill level 5 in Ranged Weapons
  6191 | D:6      | Found a blossoming altar of Fedhas.
  6273 | D:6      | Reached *** piety under Trog
  6603 | D:6      | Noticed Pikel
  6610 | D:6      | Killed Pikel
  6611 | D:6      | Reached skill level 10 in Axes
  6611 | D:6      | Reached XP level 9. HP: 80/80 MP: 8/8
  6767 | D:6      | Noticed Duvessa
  6767 | D:6      | Noticed Dowan
  6778 | D:6      | Killed Duvessa
  6780 | D:6      | Your ally Dowan died
  7901 | D:7      | Reached skill level 11 in Axes
  7989 | D:7      | Found Qihameep's Weapon Emporium.
  8245 | D:7      | Paralysed by a hornet for 3 turns
  8263 | D:7      | Slain by an ice beast

Illustrated notes

Levels and vault maps discovered:
D:1:      tarquinn_simple_flora_water_b, layout_rooms, columned_hall_lemuel,
          hex_medium, minmay_stone_trees_small
D:2:      layout_loops_cross, serial_shops, nicolae_shop_window_shopping,
          uniq_natasha
D:3:      layout_basic, mainiacjoe_overflow_catwalk, basic_ecumenical_altar,
          minivault_5
D:4:      layout_gridville, mainiacjoe_overflow_paths,
          mainiacjoe_overflow_boulevard, portal_sewer_entry_e,
          chequers_big_river, corexii_item_surrounded_by_moat,
          minmay_fractal_squares_gapless_5
D:5:      layout_loops_ring, nicolae_ru_the_path_less_chosen,
          gammafunk_temple_overflow_arena, minmay_temple_entry_stoned_glass,
          minmay_manual_maat
D:6:      layout_loops_ring, kennysheep_mini, uniq_pikel, uniq_duvessa
D:7:      layout_layer_cave, serial_shops, nicolae_stop_n_shop_1,
          chequers_serial_rivers_room_b, minmay_fractal_squares_diagonal_5

Skill      XL: |  1  2  3  4  5  6  7  8  9 |
---------------+----------------------------+-----
Axes           | 4 5 6 7 8 10 11 | 11.3
Fighting       | 4 5 6 7 8 |  8.4
Evocations     | 1 2 4 |  4.8
Ranged Weapons | 3 6 7 |  7.6
Armour         | |  2.4
Dodging        | |  2.1

Action                   |  1- 3 |  4- 6 |  7- 9 || total
-------------------------+-------+-------+-------++-------
Melee: Hand axe          |    13 |       |       ||    13
       Headbutt          |     7 |    15 |    33 ||    55
       Flail             |    47 |    38 |       ||    85
       Whip              |       |    72 |   110 ||   182
       Punch             |       |     1 |     3 ||     4
       Halberd           |       |       |    35 ||    35
       Battleaxe         |       |       |    14 ||    14
 Fire: Shortbow          |       |     2 |    53 ||    55
Throw: Stone             |     7 |    24 |       ||    31
       Javelin           |       |     2 |       ||     2
       Dart              |       |     1 |       ||     1
Invok: Berserk           |     2 |     3 |     8 ||    13
       Trog's Hand       |       |     1 |     2 ||     3
Evoke: Wand              |       |     1 |     5 ||     6
  Use: Scroll            |     5 |     1 |     1 ||     7
 Stab: Betrayed ally     |       |     1 |       ||     1
       Distracted        |       |       |     1 ||     1
Armor: Animal skin       |     6 |       |       ||     6
       Ring mail         |     7 |    25 |    30 ||    62
       Plate armour      |       |       |     8 ||     8
Dodge: Dodged            |    46 |    63 |    82 ||   191

Table legend: (Time is in decaauts)
 A = Elapsed time spent in this place.
 B = Non-inter-level travel time spent in this place.
 C = Inter-level travel time spent in this place.
 D = Time resting spent in this place.
 E = Time spent auto-exploring this place.
 F = Levels seen in this place.
 G = Mean time per level.
                   A        B        C        D        E       F      G
               +--------+--------+--------+--------+--------+-----+--------+
         Total |   8466 |   8119 |    347 |   2363 |   4457 |   8 | 1058.2 |
       Dungeon |   7751 |   7404 |    347 |   2191 |   4101 |   7 | 1107.3 |
         Sewer |    715 |    715 |      0 |    172 |    356 |   1 |  715.0 |
               +--------+--------+--------+--------+--------+-----+--------+

Top non-repeatable levels by time:
     D:6: 1518 daAuts
     D:5: 1428 daAuts
     D:2: 1301 daAuts
     D:4: 1172 daAuts
     D:1: 933 daAuts
     D:7: 734 daAuts
   Sewer: 715 daAuts
     D:3: 661 daAuts
